 Dungeon Crawl Stone Soup version 0.30-a0-622-gddc90eaa04 (webtiles) character file.

Game seed: 4417446959019627042

84 bmack86 the Trooper (level 4, -3/41 HPs)
             Began as a Minotaur Fighter on Jan 11, 2023.
             Slain by a gnoll
             ... wielding a +2 vampiric halberd
              (9 damage)
             ... on level 3 of the Dungeon.
             The game lasted 00:04:29 (1277 turns).

bmack86 the Trooper (Minotaur Fighter)              Turns: 1277, Time: 00:04:30

Health: -3/41      AC: 10    Str: 23    XL:     4   Next: 23%
Magic:  3/3        EV:  7    Int:  5    God:
Gold:   195        SH:  4    Dex:  9    Spells: 3/3 levels left

rFire   . . .      SeeInvis .    a - +0 war axe
rCold   . . .      Faith    .    c - +0 buckler
rNeg    . . .      Spirit   .    q - +0 chain mail
rPois   .          Reflect  .    (helmet restricted)
rElec   .          Harm     .    g - +0 cloak
rCorr   .          Rampage  .    (no gloves)
Will    .....                    (no boots) Stlth
                                 (no amulet)
HPRegen 0.26/turn                e - ring of flight
MPRegen 0.08/turn                (no ring)

@: flying
A: horns 2, retaliatory headbutt
a: no special abilities


You were on level 3 of the Dungeon.
You visited 1 branch of the dungeon, and saw 3 of its levels.

You collected 195 gold pieces.

Inventory:

Hand Weapons
 a - a +0 war axe (weapon)
 k - a +0 war axe
Missiles
 l - 4 silver javelins (quivered)
Armour
 b - a +0 scale mail
 c - a +0 buckler (worn)
 g - a +0 cloak (worn)
 q - a +0 chain mail (worn)
Jewellery
 e - a ring of flight (left hand)
Wands
 i - a wand of polymorph (5)
 o - a wand of digging (2)
Scrolls
 f - a scroll of identify {unknown}
 n - a scroll of brand weapon {unknown}
Potions
 d - a potion of might
 h - a potion of flight {unknown}
 j - a potion of mutation {unknown}
 m - a potion of berserk rage {unknown}
 p - a potion of curing {unknown}
 r - a potion of attraction {unknown}


   Skills:
 * Level 4.6 Fighting
 * Level 3.6 Axes
 + Level 0.8 Throwing
 + Level 4.1 Armour
 + Level 4.0 Shields


You had 3 spell levels left.
You didn't know any spells.
Your spell library contained the following spells:

 Spells                   Type           Power      Damage    Failure   Level
 Inner Flame              Hex/Fire       0%         N/A       100%        3
 Cause Fear               Hex            0%         N/A       100%        4
 Discord                  Hex            0%         N/A       100%        8


Dungeon Overview and Level Annotations

Branches:
Dungeon (3/15)

Altars:


Innate Abilities, Weirdness & Mutations

You have a pair of horns on your head.
You reflexively headbutt those who attack you in melee.


Message History

The gnoll is lightly wounded.
A gnoll comes into view. It is wielding a +2 vampiric halberd.
You throw a silver javelin. The gnoll shouts!
The silver javelin pierces through the gnoll.
The gnoll is severely wounded.
The gnoll throws a throwing net.
The throwing net hits you.
You become entangled in the net!
You cannot throw/fire anything while held in a net.
Unknown command.
You struggle against the net.
You struggle against the net.
The gnoll hits you from afar with a +0 spear.
You rip the net and break free!
The gnoll hits you from afar with a +0 spear.
You slash the gnoll! You headbutt the gnoll.
You kill the gnoll!
The gnoll hits you but does no damage. You block the gnoll's attack.
The gnoll hits you from afar with a +2 vampiric halberd!
You closely miss the gnoll.
The gnoll is lightly wounded.
The gnoll hits you but does no damage.
The gnoll hits you from afar with a +0 spear.
The gnoll completely misses you.
You slash the gnoll!
The gnoll is almost dead.
The gnoll barely misses you. You block the gnoll's attack. x2
You hit the gnoll. Your headbutt misses the gnoll.
The gnoll is almost dead.
The gnoll hits you with a +0 vampiric short sword.
The gnoll draws strength from your wounds!
The gnoll completely misses you.
The gnoll hits you from afar with a +0 spear.
The gnoll hits you but does no damage. The gnoll barely misses you.
The gnoll hits you from afar with a +2 vampiric halberd!
* * * LOW HITPOINT WARNING * * *
You slash the gnoll!
You kill the gnoll!
The gnoll hits you from afar with a +2 vampiric halberd!
You die...

... ... ...(# .. #..
....# . #... ....##..
#...##....##.#
.##...#.....##.# ####
......g.g .....### #...
.......)###..##.. #.##
.......@#...###.#####.##
..............#.#.....##
....###..#........######
... ....##........# #. .
.....>####.....## #.
......## #....)# #.
.........#####.....## #.
....................# #.
..............###...# #.


You could see 2 gnolls.

Vanquished Creatures
  Robin (D:2)
  2 gnolls (D:3)
  An adder (D:2)
  A dart slug (D:1)
  2 endoplasms (D:2)
  3 giant cockroaches
  11 goblins
  7 hobgoblins
  3 kobolds (D:1)
  3 quokkas
  3 ball pythons (D:2)
  5 bats
  4 frilled lizards (D:1)
  3 rats (D:1)
49 creatures vanquished.

Notes
Turn   | Place    | Note
-------+----------+-------------------------------------------
     0 | D:1      | bmack86 the Minotaur Fighter began the quest for the Orb.
     0 | D:1      | Reached XP level 1. HP: 19/19 MP: 0/0
   152 | D:1      | Reached XP level 2. HP: 22/27 MP: 1/1
   470 | D:2      | Reached XP level 3. HP: 25/33 MP: 2/2
   927 | D:2      | Noticed Robin
   942 | D:2      | Killed Robin
   943 | D:2      | Reached XP level 4. HP: 29/41 MP: 3/3
  1277 | D:3      | Slain by a gnoll

Illustrated notes

Levels and vault maps discovered:
D:1:      heliophobic_arrival_dark_side_of_the_moon, layout_basic
D:2:      layout_rooms, uniq_robin
D:3:      layout_basic, general_overflow_altar

Skill      XL: |  1  2  3 |
---------------+----------+-----
Fighting       | 4 |  4.6
Axes           | 3 |  3.6
Armour         | 4 |  4.1
Shields        | 4 |  4.0
Throwing       | |  0.8

Action                   |  1- 3 |  4- 6 || total
-------------------------+-------+-------++-------
Melee: War axe           |    71 |     7 ||    78
       Headbutt          |     8 |     1 ||     9
Throw: Javelin           |     2 |     2 ||     4
  Use: Scroll            |     2 |       ||     2
Armor: Scale mail        |    59 |       ||    59
       Chain mail        |       |     3 ||     3
Dodge: Dodged            |    47 |     5 ||    52
Block: Buckler           |    18 |     4 ||    22

Table legend: (Time is in decaauts)
 A = Elapsed time spent in this place.
 B = Non-inter-level travel time spent in this place.
 C = Inter-level travel time spent in this place.
 D = Time resting spent in this place.
 E = Time spent auto-exploring this place.
 F = Levels seen in this place.
 G = Mean time per level.
                   A        B        C        D        E       F      G
               +--------+--------+--------+--------+--------+-----+--------+
         Total |   1308 |   1242 |     66 |      0 |    790 |   3 |  436.0 |
       Dungeon |   1308 |   1242 |     66 |      0 |    790 |   3 |  436.0 |
               +--------+--------+--------+--------+--------+-----+--------+

Top non-repeatable levels by time:
     D:2: 659 daAuts
     D:1: 462 daAuts
     D:3: 187 daAuts
